Philadelphia Flyers vs St.Louis Blues
(R1)
Created - Tuesday, June 6, 2023 at 07:14
Goals
|
| Philadelphia Flyers |
1 |
1 |
1 |
3 |
| St.Louis Blues |
1 |
1 |
0 |
2 |
|
Shots
|
| Philadelphia Flyers |
9 |
15 |
6 |
30 |
| St.Louis Blues |
7 |
19 |
13 |
39 |
|
1st period
1. St.Louis Blues , Elias Pettersson 36 (Jake Guentzel 35) at 16:52
2. Philadelphia Flyers , Alexander Edler 2 (Elias Lindholm 49, Tyler Bertuzzi 33) at 17:52 (PP)
Penalties :
Tage Thompson (STL) for Hooking (Minor) at 17:46
2nd period
3. Philadelphia Flyers , Justin Faulk 7 (Carter Verhaeghe 22, Evan Rodrigues 21) at 12:20 (PP)
4. St.Louis Blues , Jack Eichel 14 (Evander Kane 21, Andrew Copp 19) at 15:30
Penalties :
Ben Chiarot (PHI) for Hooking (Minor) at 2:28, Artem Zub (PHI) for High sticking (Minor) at 9:39, Alex Pietrangelo (STL) for Interference (Minor) at 10:48
3rd period
5. Philadelphia Flyers , Tyler Johnson 11 (Tomas Tatar 19, Ben Chiarot 14) at 2:35
Penalties :
Jake Guentzel (STL) for Hooking (Minor) at 0:03, Danny DeKeyser (STL) for Tripping (Minor) at 9:18, Ben Chiarot (PHI) for Interference (Minor) at 11:34
Goalie Stats
Thomas Greiss (PHI), 37 saves from 39 shots - (0.949), W, 6-4-0, 60:00 minutes
Connor Hellebuyck (STL), 27 saves from 30 shots - (0.900), L, 24-19-4, 59:16 minutes
Players Stats for Philadelphia Flyers
Player Name G A P +/- PIM S H SB GA TA FO MP PP MP PK MP
------------------------------------------------------------------------------------
Alexander Barabanov 0 0 0 0 0 0 0 0 0 0 0/0 14:57 1:02 0:04
Alexander Edler 1 0 1 0 0 1 0 0 0 0 0/0 19:07 2:13 2:14
Artem Zub 0 0 0 0 2 1 2 0 0 0 0/0 14:54 0:42 0:00
Ben Chiarot 0 1 1 0 4 0 1 1 0 0 0/0 18:50 0:42 0:13
Carter Verhaeghe 0 1 1 0 0 5 1 2 0 0 5/5 20:07 2:57 2:50
Elias Lindholm 0 1 1 0 0 3 0 1 0 0 8/9 9:03 0:06 0:54
Evan Rodrigues 0 1 1 0 0 3 1 0 0 0 6/10 14:47 1:40 0:00
Evgenii Dadonov 0 0 0 0 0 1 0 0 1 0 0/0 10:28 0:51 0:00
Justin Faulk 1 0 1 0 0 1 2 1 0 0 0/0 22:04 2:33 2:27
Marcus Johansson 0 0 0 0 0 0 0 0 0 0 0/3 14:21 1:54 1:16
Matt Boldy 0 0 0 0 0 2 3 0 2 0 2/10 18:53 2:00 0:00
Matt Roy 0 0 0 -1 0 0 0 1 0 1 0/0 23:31 2:13 2:40
Oliver Ekman-Larsson 0 0 0 -1 0 3 3 2 0 0 0/0 21:58 1:51 2:40
Riley Sheahan 0 0 0 0 0 0 0 0 0 1 4/9 13:09 0:00 2:50
T.J. Tynan 0 0 0 -1 0 2 0 0 0 0 3/11 12:21 0:00 0:00
Tomas Tatar 0 1 1 -1 0 3 0 0 0 0 0/0 12:23 0:00 0:00
Tyler Bertuzzi 0 1 1 0 0 2 0 0 1 0 0/3 19:38 2:15 2:13
Tyler Johnson 1 0 1 -1 0 3 4 0 0 0 0/0 13:29 0:51 0:07
Players Stats for St.Louis Blues
Player Name G A P +/- PIM S H SB GA TA FO MP PP MP PK MP
------------------------------------------------------------------------------------
Adam Pelech 0 0 0 1 0 0 0 2 0 0 0/0 16:07 0:00 2:40
Alex DeBrincat 0 0 0 1 0 5 3 0 0 0 0/1 19:44 2:48 0:45
Alex Pietrangelo 0 0 0 0 2 2 1 1 0 0 0/0 23:22 2:18 0:36
Alex Tuch 0 0 0 0 0 3 2 1 0 0 0/3 15:03 2:13 0:00
Andrew Copp 0 1 1 1 0 0 0 0 0 0 4/6 13:51 0:00 2:55
Colton Parayko 0 0 0 0 0 0 2 1 0 0 0/0 23:05 0:00 2:06
Danny DeKeyser 0 0 0 1 2 1 0 1 0 0 0/0 14:21 0:00 1:08
Elias Pettersson 1 0 1 1 0 8 0 2 0 2 16/25 23:13 2:54 2:46
Evander Kane 0 1 1 1 0 1 5 1 1 0 0/0 13:34 2:19 0:00
Frederick Gaudreau 0 0 0 -1 0 0 0 0 0 0 3/3 10:01 0:00 1:05
Jack Eichel 1 0 1 1 0 3 0 0 0 0 4/8 13:11 2:13 0:00
Jake Guentzel 0 1 1 1 2 11 2 0 0 0 0/0 20:40 2:54 0:01
Jonas Brodin 0 0 0 0 0 1 1 3 0 1 0/0 18:05 0:00 2:51
Morgan Rielly 0 0 0 0 0 3 2 0 0 0 0/0 19:11 2:48 0:11
Robert Thomas 0 0 0 0 0 0 1 1 1 0 5/13 16:06 2:54 0:00
Sean Kuraly 0 0 0 -1 0 0 1 2 0 0 0/0 8:56 0:00 0:00
Tage Thompson 0 0 0 0 2 0 1 0 0 1 0/1 15:49 2:13 0:55
Yanni Gourde 0 0 0 -1 0 1 3 1 0 0 0/0 10:01 0:00 1:05
3 Stars
1 - Thomas Greiss (PHI)
2 - Justin Faulk (PHI)
3 - Tyler Johnson (PHI)
Power Play
Philadelphia Flyers - 2 on 4 Attempt(s) - 50.00%
St.Louis Blues - 0 on 3 Attempt(s) - 0.00%
Penalty Kill
Philadelphia Flyers - 3 on 3 Attempt(s) - 100.00%
- Score 0 goal in Penalty Kill
St.Louis Blues - 2 on 4 Attempt(s) - 50.00%
- Score 0 goal in Penalty Kill
Team Stat
Philadelphia Flyers - Hits : 17 - Faceoff Wins : 28 - Blocked Shots : 8 - Penalty Minutes : 6
St.Louis Blues - Hits : 24 - Faceoff Wins : 32 - Blocked Shots : 16 - Penalty Minutes : 8
Official
Referees : Dan O'Rourke and Trevor Hanson
Linesman : Bryan Pancich and Darren Gibbs
Game Notes
Elias Lindholm is injured at 9:46 of 2nd period (Upper Body)
Finance
Level 1 -- Attendance: 5904 (98.40%) -- Ticket Income $572,688
Level 2 -- Attendance: 5000 (100.00%) -- Ticket Income $285,000
Level 3 -- Attendance: 3000 (100.00%) -- Ticket Income $102,000
Level 4 -- Attendance: 4379 (87.58%) -- Ticket Income $100,717
Luxury Box -- Attendance: 1000 (100.00%) -- Ticket Income $194,000
Game was played at the Scottrade Center.
Total Attendance: 19283 (96.42%)
Total Ticket Income: $1,254,405
Other Income: $439,042
Total Income: $1,693,447
Philadelphia Flyers
5 vs 5 Forward
Center Left Wing Right Wing Time % Phy DF OF
1 Elias Lindholm Tyler Bertuzzi Alexander Barabanov 30 0 3 2
2 Evan Rodrigues Carter Verhaeghe Matt Boldy 30 0 3 2
3 Riley Sheahan Marcus Johansson Evgenii Dadonov 20 0 3 2
4 T.J. Tynan Tyler Johnson Tomas Tatar 20 0 3 2
5 vs 5 Defense
Defense Defense Time % Phy DF OF
1 Justin Faulk Ben Chiarot 35 0 3 2
2 Oliver Ekman-Larsson Matt Roy 35 0 3 2
3 Alexander Edler Artem Zub 30 0 3 2
4 Justin Faulk Ben Chiarot 0 0 3 2
PowerPlay Forward
Center Left Wing Right Wing Time % Phy DF OF
1 Elias Lindholm Tyler Bertuzzi Carter Verhaeghe 55 0 1 4
2 Evan Rodrigues Marcus Johansson Matt Boldy 45 0 1 4
PowerPlay Defense
Defense Defense Time % Phy DF OF
1 Justin Faulk Oliver Ekman-Larsson 55 0 1 4
2 Alexander Edler Matt Roy 45 0 1 4
Penalty Kill 4 Players Forward
Center Wing Time % Phy DF OF
1 Riley Sheahan Carter Verhaeghe 55 0 4 1
2 Elias Lindholm Tyler Bertuzzi 45 0 4 1
Penalty Kill 4 Players Defense
Defense Defense Time % Phy DF OF
1 Justin Faulk Ben Chiarot 50 0 4 1
2 Oliver Ekman-Larsson Matt Roy 50 0 4 1
Penalty Kill - 3 Players Forward
Forward Time % Phy DF OF
1 Riley Sheahan 50 0 5 0
2 Elias Lindholm 50 0 5 0
Penalty Kill - 3 Players Defense
Defense Defense Time % Phy DF OF
1 Justin Faulk Ben Chiarot 50 0 5 0
2 Oliver Ekman-Larsson Matt Roy 50 0 5 0
4 vs 4 Forward
Center Wing Time % Phy DF OF
1 Elias Lindholm Tyler Bertuzzi 50 0 3 2
2 Evan Rodrigues Carter Verhaeghe 50 0 3 2
4 vs 4 Defense
Defense Defense Time % Phy DF OF
1 Justin Faulk Ben Chiarot 50 0 3 2
2 Oliver Ekman-Larsson Matt Roy 50 0 3 2
Last Minutes Offensive
Center Left Wing Right Wing Defense Defense
Elias Lindholm Tyler Bertuzzi Carter Verhaeghe Justin Faulk Oliver Ekman-Larsson
Last Minutes Defensive
Center Left Wing Right Wing Defense Defense
Elias Lindholm Riley Sheahan Tyler Bertuzzi Ben Chiarot Matt Roy
Goaltenders
Starting : Thomas Greiss
Backup : Mackenzie Blackwood
Extra Forwards
Normal : Matt Boldy, Elias Lindholm, Carter Verhaeghe - PP : Matt Boldy, Elias Lindholm - PK : Elias Lindholm
Extra Defensemen
Normal : Justin Faulk, Oliver Ekman-Larsson, Alexander Edler - PP : Justin Faulk - PK : Ben Chiarot, Alexander Edler
Penalty Shots
Elias Lindholm, Tyler Bertuzzi, Matt Boldy, Carter Verhaeghe, Evan Rodrigues
St.Louis Blues
5 vs 5 Forward
Center Left Wing Right Wing Time % Phy DF OF
1 Elias Pettersson Alex DeBrincat Jake Guentzel 40 0 2 3
2 Robert Thomas Alex Tuch Tage Thompson 30 0 2 3
3 Jack Eichel Evander Kane Andrew Copp 20 1 2 2
4 Frederick Gaudreau Yanni Gourde Sean Kuraly 10 1 3 1
5 vs 5 Defense
Defense Defense Time % Phy DF OF
1 Alex Pietrangelo Colton Parayko 40 1 2 2
2 Morgan Rielly Jonas Brodin 30 1 2 2
3 Danny DeKeyser Adam Pelech 20 1 2 2
4 Alex Pietrangelo Colton Parayko 10 1 2 2
PowerPlay Forward
Center Left Wing Right Wing Time % Phy DF OF
1 Robert Thomas Elias Pettersson Jake Guentzel 60 1 0 4
2 Jack Eichel Alex Tuch Tage Thompson 40 1 0 4
PowerPlay Defense
Defense Defense Time % Phy DF OF
1 Alex DeBrincat Morgan Rielly 60 0 1 4
2 Alex Pietrangelo Evander Kane 40 0 1 4
Penalty Kill 4 Players Forward
Center Wing Time % Phy DF OF
1 Andrew Copp Elias Pettersson 60 0 5 0
2 Frederick Gaudreau Yanni Gourde 40 0 5 0
Penalty Kill 4 Players Defense
Defense Defense Time % Phy DF OF
1 Adam Pelech Jonas Brodin 60 1 4 0
2 Danny DeKeyser Colton Parayko 40 1 4 0
Penalty Kill - 3 Players Forward
Forward Time % Phy DF OF
1 Andrew Copp 60 0 5 0
2 Yanni Gourde 40 0 5 0
Penalty Kill - 3 Players Defense
Defense Defense Time % Phy DF OF
1 Adam Pelech Jonas Brodin 60 0 5 0
2 Danny DeKeyser Colton Parayko 40 0 5 0
4 vs 4 Forward
Center Wing Time % Phy DF OF
1 Elias Pettersson Jake Guentzel 60 0 2 3
2 Robert Thomas Alex Tuch 40 0 2 3
4 vs 4 Defense
Defense Defense Time % Phy DF OF
1 Alex Pietrangelo Colton Parayko 60 0 3 2
2 Morgan Rielly Adam Pelech 40 0 3 2
Last Minutes Offensive
Center Left Wing Right Wing Defense Defense
Robert Thomas Elias Pettersson Jake Guentzel Alex Tuch Morgan Rielly
Last Minutes Defensive
Center Left Wing Right Wing Defense Defense
Andrew Copp Yanni Gourde Elias Pettersson Colton Parayko Alex Pietrangelo
Goaltenders
Starting : Connor Hellebuyck
Backup : Frederik Andersen
Extra Forwards
Normal : Tage Thompson, Evander Kane, Frederick Gaudreau - PP : Alex DeBrincat, Jack Eichel - PK : Tage Thompson
Extra Defensemen
Normal : Morgan Rielly, Colton Parayko, Adam Pelech - PP : Colton Parayko - PK : Colton Parayko, Alex Pietrangelo
Penalty Shots
Tage Thompson, Alex DeBrincat, Elias Pettersson, Alex Tuch, Andrew Copp
% Time on Ice - Philadelphia Flyers
Lines # - Real PCT - Wanted PCT - Time Play
Normal Forward
1 - 29% - 30% - 13:57
2 - 27% - 30% - 12:52
3 - 19% - 20% - 9:25
4 - 25% - 20% - 12:09
Normal Defense
1 - 35% - 35% - 16:48
2 - 36% - 35% - 17:27
3 - 29% - 30% - 14:08
4 - 0% - 0% - 0:00
PP Forward
1 - 65% - 55% - 3:06
2 - 35% - 45% - 1:40
PP Defense
1 - 53% - 55% - 2:33
2 - 47% - 45% - 2:13
PK Forward
1 - 57% - 55% - 2:54
2 - 43% - 45% - 2:13
PK Defense
1 - 48% - 50% - 2:27
2 - 52% - 50% - 2:40
PK3 Forward
1 - 0% - 50%
2 - 0% - 50%
PK3 Defense
1 - 0% - 50%
2 - 0% - 50%
44 Forward
1 - 64% - 50% - 0:32
2 - 36% - 50% - 0:18
44 Defense
1 - 68% - 50% - 0:34
2 - 32% - 50% - 0:16
Last Minute Offensive - 0:00
Last Minute Defensive - 0:54
Total
Forward - 60:00
Defense - 60:00
|
% Time on Ice - St.Louis Blues
Lines # - Real PCT - Wanted PCT - Time Play
Normal Forward
1 - 34% - 40% - 16:15
2 - 25% - 30% - 12:15
3 - 23% - 20% - 10:56
4 - 18% - 10% - 8:56
Normal Defense
1 - 38% - 40% - 18:31
2 - 31% - 30% - 15:06
3 - 27% - 20% - 13:00
4 - 4% - 10% - 1:45
PP Forward
1 - 57% - 60% - 2:54
2 - 43% - 40% - 2:13
PP Defense
1 - 55% - 60% - 2:48
2 - 45% - 40% - 2:19
PK Forward
1 - 77% - 60% - 3:41
2 - 23% - 40% - 1:05
PK Defense
1 - 60% - 60% - 2:51
2 - 40% - 40% - 1:55
PK3 Forward
1 - 0% - 60%
2 - 0% - 40%
PK3 Defense
1 - 0% - 60%
2 - 0% - 40%
44 Forward
1 - 100% - 60% - 0:50
2 - 0% - 40% - 0:00
44 Defense
1 - 100% - 60% - 0:50
2 - 0% - 40% - 0:00
Last Minute Offensive - 0:55
Last Minute Defensive - 0:00
Total
Forward - 60:00
Defense - 60:00
|
Play-by-Play
1st period
0:01 of 1st period - Elias Pettersson wins face-off versus Elias Lindholm in neutral zone.
0:26 of 1st period - Carter Verhaeghe is hit by Alex Tuch and loses puck.
0:33 of 1st period - Snap shot by Carter Verhaeghe.
0:33 of 1st period - Stopped by Connor Hellebuyck without a rebound.
0:34 of 1st period - Riley Sheahan wins face-off versus Jack Eichel in St.Louis Blues zone.
0:37 of 1st period - Wrist shot by Evgenii Dadonov.
0:37 of 1st period - Stopped by Connor Hellebuyck with a rebound.
2:20 of 1st period - Wrist shot by Carter Verhaeghe.
2:20 of 1st period - Stopped by Connor Hellebuyck with a rebound.
2:44 of 1st period - Wrist shot by Matt Boldy.
2:44 of 1st period - Shot Misses the Net.
2:58 of 1st period - Snap shot by Matt Boldy.
2:58 of 1st period - Shot Misses the Net.
3:26 of 1st period - Sean Kuraly is hit by Evan Rodrigues.
3:49 of 1st period - Snap shot by Evan Rodrigues.
3:49 of 1st period - Stopped by Connor Hellebuyck without a rebound.
3:50 of 1st period - Elias Pettersson wins face-off versus Tyler Bertuzzi in St.Louis Blues zone.
3:57 of 1st period - Snap shot by Jake Guentzel.
3:57 of 1st period - Stopped by Thomas Greiss with a rebound.
3:59 of 1st period - Slapshot by Elias Pettersson.
3:59 of 1st period - Stopped by Thomas Greiss without a rebound.
4:00 of 1st period - Elias Lindholm wins face-off versus Elias Pettersson in Philadelphia Flyers zone.
4:20 of 1st period - Slapshot by Jake Guentzel.
4:20 of 1st period - Shot Blocked by Elias Lindholm.
5:00 of 1st period - Colton Parayko is hit by Artem Zub and loses puck.
5:17 of 1st period - Wrist shot by Elias Pettersson.
5:17 of 1st period - Stopped by Thomas Greiss without a rebound.
5:18 of 1st period - T.J. Tynan wins face-off versus Tage Thompson in Philadelphia Flyers zone.
5:44 of 1st period - Evander Kane is hit by Justin Faulk and loses puck.
9:31 of 1st period - Icing by Riley Sheahan.
9:32 of 1st period - Jack Eichel wins face-off versus T.J. Tynan in Philadelphia Flyers zone.
9:33 of 1st period - Wrist shot by Andrew Copp.
9:33 of 1st period - Shot Misses the Net.
9:58 of 1st period - Tyler Bertuzzi is hit by Alex DeBrincat and loses puck.
10:05 of 1st period - Wrist shot by Jake Guentzel.
10:05 of 1st period - Stopped by Thomas Greiss without a rebound.
10:06 of 1st period - Robert Thomas wins face-off versus T.J. Tynan in Philadelphia Flyers zone.
10:15 of 1st period - Wrist shot by Alex Tuch.
10:15 of 1st period - Stopped by Thomas Greiss with a rebound.
10:43 of 1st period - Snap shot by Elias Pettersson.
10:43 of 1st period - Shot Hit the Post.
10:57 of 1st period - Snap shot by Tyler Bertuzzi.
10:57 of 1st period - Stopped by Connor Hellebuyck without a rebound.
10:58 of 1st period - Elias Lindholm wins face-off versus Jack Eichel in St.Louis Blues zone.
12:00 of 1st period - Snap shot by Elias Lindholm.
12:00 of 1st period - Shot Misses the Net.
12:06 of 1st period - Wrist shot by Elias Lindholm.
12:06 of 1st period - Stopped by Connor Hellebuyck without a rebound.
12:07 of 1st period - T.J. Tynan wins face-off versus Elias Pettersson in St.Louis Blues zone.
12:58 of 1st period - Danny DeKeyser is hit by Carter Verhaeghe and loses puck.
13:09 of 1st period - Snap shot by Matt Boldy.
13:09 of 1st period - Shot Misses the Net.
13:21 of 1st period - Snap shot by Carter Verhaeghe.
13:21 of 1st period - Shot Blocked by Elias Pettersson.
13:56 of 1st period - Carter Verhaeghe is hit by Alex Pietrangelo and loses puck.
14:11 of 1st period - Snap shot by Evander Kane.
14:11 of 1st period - Shot Misses the Net.
14:27 of 1st period - Tyler Bertuzzi is hit by Jonas Brodin and loses puck.
15:37 of 1st period - Ben Chiarot is hit by Alex DeBrincat and loses puck.
15:42 of 1st period - Snap shot by Elias Pettersson.
15:42 of 1st period - Stopped by Thomas Greiss with a rebound.
15:59 of 1st period - Adam Pelech is hit by Tyler Johnson and loses puck.
16:52 of 1st period - Snap shot by Elias Pettersson.
16:52 of 1st period - Goal by Elias Pettersson - Philadelphia Flyers : 0 - St.Louis Blues : 1.
16:53 of 1st period - Elias Pettersson wins face-off versus Evan Rodrigues in neutral zone.
17:46 of 1st period - Minor Penalty to Tage Thompson for Hooking.
17:47 of 1st period - Elias Lindholm wins face-off versus Andrew Copp in St.Louis Blues zone.
17:48 of 1st period - Wrist shot by Tyler Bertuzzi.
17:48 of 1st period - Shot Misses the Net.
17:50 of 1st period - Wrist shot by Elias Lindholm.
17:50 of 1st period - Stopped by Connor Hellebuyck with a rebound.
17:52 of 1st period - Slapshot by Alexander Edler.
17:52 of 1st period - Goal by Alexander Edler - Philadelphia Flyers : 1 - St.Louis Blues : 1.
17:53 of 1st period - Riley Sheahan wins face-off versus Elias Pettersson in neutral zone.
18:28 of 1st period - Wrist shot by Tage Thompson.
18:28 of 1st period - Shot Blocked by Ben Chiarot.
18:40 of 1st period - Tyler Bertuzzi is hit by Evander Kane and loses puck.
19:43 of 1st period - Icing by Jonas Brodin.
19:44 of 1st period - Evan Rodrigues wins face-off versus Robert Thomas in St.Louis Blues zone.
19:45 of 1st period - Snap shot by Carter Verhaeghe.
19:45 of 1st period - Stopped by Connor Hellebuyck without a rebound.
19:46 of 1st period - Elias Pettersson wins face-off versus Evan Rodrigues in St.Louis Blues zone.
19:53 of 1st period - Matt Roy is hit by Alex DeBrincat and loses puck.
Goals for this period are 1 for Philadelphia Flyers vs 1 for St.Louis Blues.
Shots for this period are 9 for Philadelphia Flyers vs 7 for St.Louis Blues.
2nd period
0:01 of 2nd period - Elias Lindholm wins face-off versus Elias Pettersson in neutral zone.
0:26 of 2nd period - Carter Verhaeghe is hit by Robert Thomas and loses puck.
0:45 of 2nd period - Slapshot by Morgan Rielly.
0:45 of 2nd period - Stopped by Thomas Greiss with a rebound.
0:59 of 2nd period - Jack Eichel is hit by Tyler Johnson and loses puck.
1:12 of 2nd period - Snap shot by Elias Lindholm.
1:12 of 2nd period - Shot Blocked by Jonas Brodin.
1:14 of 2nd period - Snap shot by Tyler Bertuzzi.
1:14 of 2nd period - Stopped by Connor Hellebuyck with a rebound.
1:16 of 2nd period - Wrist shot by Alexander Barabanov.
1:16 of 2nd period - Shot Blocked by Jonas Brodin.
1:32 of 2nd period - Snap shot by Evgenii Dadonov.
1:32 of 2nd period - Shot Misses the Net.
2:00 of 2nd period - Backhand shot by Alex Pietrangelo.
2:00 of 2nd period - Stopped by Thomas Greiss with a rebound.
2:02 of 2nd period - Slapshot by Tage Thompson.
2:02 of 2nd period - Shot Misses the Net.
2:04 of 2nd period - Wrist shot by Robert Thomas.
2:04 of 2nd period - Deflect By Evan Rodrigues.
2:04 of 2nd period - Shot Misses the Net.
2:04 of 2nd period - Puck is out of play.
2:05 of 2nd period - Elias Pettersson wins face-off versus Riley Sheahan in Philadelphia Flyers zone.
2:16 of 2nd period - Snap shot by Alex DeBrincat.
2:16 of 2nd period - Deflect By Elias Pettersson.
2:16 of 2nd period - Stopped by Thomas Greiss with a rebound.
2:28 of 2nd period - Minor Penalty to Ben Chiarot for Hooking.
2:29 of 2nd period - Riley Sheahan wins face-off versus Robert Thomas in Philadelphia Flyers zone.
2:40 of 2nd period - Snap shot by Robert Thomas.
2:40 of 2nd period - Shot Misses the Net.
2:42 of 2nd period - Snap shot by Alex DeBrincat.
2:42 of 2nd period - Shot Blocked by Carter Verhaeghe.
2:44 of 2nd period - Slapshot by Alex DeBrincat.
2:44 of 2nd period - Deflect By Riley Sheahan.
2:44 of 2nd period - Stopped by Thomas Greiss with a rebound.
2:46 of 2nd period - Slapshot by Morgan Rielly.
2:46 of 2nd period - Stopped by Thomas Greiss without a rebound.
2:47 of 2nd period - Carter Verhaeghe wins face-off versus Alex Tuch in Philadelphia Flyers zone.
3:10 of 2nd period - Oliver Ekman-Larsson is hit by Jake Guentzel and loses puck.
3:31 of 2nd period - Slapshot by Alex DeBrincat.
3:31 of 2nd period - Shot Blocked by Carter Verhaeghe.
4:28 of 2nd period - Penalty to Ben Chiarot is over, Ben Chiarot is back on ice.
4:35 of 2nd period - Off-side.
4:36 of 2nd period - Frederick Gaudreau wins face-off versus T.J. Tynan in neutral zone.
4:46 of 2nd period - Slapshot by Tomas Tatar.
4:46 of 2nd period - Shot Blocked by Sean Kuraly.
4:48 of 2nd period - Snap shot by Oliver Ekman-Larsson.
4:48 of 2nd period - Shot Blocked by Adam Pelech.
4:50 of 2nd period - Wrist shot by Tyler Johnson.
4:50 of 2nd period - Shot Blocked by Adam Pelech.
4:52 of 2nd period - Slapshot by Matt Roy.
4:52 of 2nd period - Shot Blocked by Sean Kuraly.
5:33 of 2nd period - Snap shot by Jake Guentzel.
5:33 of 2nd period - Stopped by Thomas Greiss with a rebound.
5:35 of 2nd period - Wrist shot by Alex DeBrincat.
5:35 of 2nd period - Shot Misses the Net.
5:37 of 2nd period - Snap shot by Elias Pettersson.
5:37 of 2nd period - Shot Misses the Net.
5:39 of 2nd period - Wrist shot by Jake Guentzel.
5:39 of 2nd period - Stopped by Thomas Greiss with a rebound.
5:41 of 2nd period - Wrist shot by Alex DeBrincat.
5:41 of 2nd period - Shot Misses the Net.
6:20 of 2nd period - Off-side.
6:21 of 2nd period - Elias Lindholm wins face-off versus Elias Pettersson in neutral zone.
6:26 of 2nd period - Wrist shot by Elias Lindholm.
6:26 of 2nd period - Shot Misses the Net.
6:28 of 2nd period - Slapshot by Oliver Ekman-Larsson.
6:28 of 2nd period - Stopped by Connor Hellebuyck with a rebound.
6:30 of 2nd period - Slapshot by Oliver Ekman-Larsson.
6:30 of 2nd period - Stopped by Connor Hellebuyck without a rebound.
6:31 of 2nd period - Elias Lindholm wins face-off versus Elias Pettersson in St.Louis Blues zone.
7:06 of 2nd period - Snap shot by Elias Lindholm.
7:06 of 2nd period - Stopped by Connor Hellebuyck without a rebound.
7:07 of 2nd period - Carter Verhaeghe wins face-off versus Alex Tuch in St.Louis Blues zone.
7:08 of 2nd period - Wrist shot by Matt Boldy.
7:08 of 2nd period - Shot Blocked by Robert Thomas.
7:10 of 2nd period - Wrist shot by Matt Boldy.
7:10 of 2nd period - Stopped by Connor Hellebuyck with a rebound.
7:12 of 2nd period - Snap shot by Carter Verhaeghe.
7:12 of 2nd period - Shot Misses the Net.
7:14 of 2nd period - Wrist shot by Evan Rodrigues.
7:14 of 2nd period - Stopped by Connor Hellebuyck with a rebound.
7:16 of 2nd period - Slapshot by Artem Zub.
7:16 of 2nd period - Stopped by Connor Hellebuyck without a rebound.
7:17 of 2nd period - Evan Rodrigues wins face-off versus Robert Thomas in St.Louis Blues zone.
7:18 of 2nd period - Wrist shot by Matt Boldy.
7:18 of 2nd period - Deflect By Evan Rodrigues.
7:18 of 2nd period - Stopped by Connor Hellebuyck without a rebound.
7:19 of 2nd period - Evan Rodrigues wins face-off versus Elias Pettersson in St.Louis Blues zone.
7:24 of 2nd period - Snap shot by Evan Rodrigues.
7:24 of 2nd period - Shot Misses the Net.
7:26 of 2nd period - Slapshot by Evan Rodrigues.
7:26 of 2nd period - Shot Misses the Net.
7:28 of 2nd period - Wrist shot by Carter Verhaeghe.
7:28 of 2nd period - Deflect By Matt Boldy.
7:28 of 2nd period - Shot Blocked by Elias Pettersson.
7:28 of 2nd period - Puck is out of play.
7:29 of 2nd period - Elias Pettersson wins face-off versus Evan Rodrigues in St.Louis Blues zone.
8:00 of 2nd period - Slapshot by Jake Guentzel.
8:00 of 2nd period - Shot Blocked by Justin Faulk.
9:15 of 2nd period - Wrist shot by Alex DeBrincat.
9:15 of 2nd period - Stopped by Thomas Greiss without a rebound.
9:16 of 2nd period - Elias Lindholm wins face-off versus Robert Thomas in Philadelphia Flyers zone.
9:39 of 2nd period - Minor Penalty to Artem Zub for High sticking.
9:40 of 2nd period - Elias Lindholm wins face-off versus Jack Eichel in Philadelphia Flyers zone.
9:45 of 2nd period - Elias Lindholm is hit by Evander Kane and loses puck.
9:46 of 2nd period - Elias Lindholm from Philadelphia Flyers is injured at 9:46 of 2nd period (Upper Body).
9:47 of 2nd period - Robert Thomas wins face-off versus Riley Sheahan in Philadelphia Flyers zone.
9:54 of 2nd period - Wrist shot by Jake Guentzel.
9:54 of 2nd period - Shot Misses the Net.
9:56 of 2nd period - Slapshot by Alex DeBrincat.
9:56 of 2nd period - Stopped by Thomas Greiss with a rebound.
10:17 of 2nd period - Marcus Johansson is hit by Evander Kane and loses puck.
10:48 of 2nd period - Minor Penalty to Alex Pietrangelo for Interference.
10:49 of 2nd period - Elias Pettersson wins face-off versus Matt Boldy in St.Louis Blues zone.
11:01 of 2nd period - Snap shot by Jake Guentzel.
11:01 of 2nd period - Stopped by Thomas Greiss without a rebound.
11:02 of 2nd period - Evan Rodrigues wins face-off versus Elias Pettersson in Philadelphia Flyers zone.
11:13 of 2nd period - Wrist shot by Jake Guentzel.
11:13 of 2nd period - Stopped by Thomas Greiss with a rebound.
11:15 of 2nd period - Snap shot by Elias Pettersson.
11:15 of 2nd period - Shot Misses the Net.
11:17 of 2nd period - Slapshot by Jake Guentzel.
11:17 of 2nd period - Stopped by Thomas Greiss without a rebound.
11:18 of 2nd period - Elias Pettersson wins face-off versus Matt Boldy in Philadelphia Flyers zone.
11:21 of 2nd period - Slapshot by Elias Pettersson.
11:21 of 2nd period - Stopped by Thomas Greiss with a rebound.
11:39 of 2nd period - Penalty to Artem Zub is over, Artem Zub is back on ice.
12:20 of 2nd period - Slapshot by Justin Faulk.
12:20 of 2nd period - Goal by Justin Faulk - Philadelphia Flyers : 2 - St.Louis Blues : 1.
12:21 of 2nd period - Robert Thomas wins face-off versus T.J. Tynan in neutral zone.
12:29 of 2nd period - Snap shot by Tyler Johnson.
12:29 of 2nd period - Stopped by Connor Hellebuyck with a rebound.
12:31 of 2nd period - Backhand shot by T.J. Tynan.
12:31 of 2nd period - Stopped by Connor Hellebuyck with a rebound.
12:35 of 2nd period - Snap shot by Tomas Tatar.
12:35 of 2nd period - Stopped by Connor Hellebuyck with a rebound.
12:37 of 2nd period - Slapshot by Tomas Tatar.
12:37 of 2nd period - Stopped by Connor Hellebuyck with a rebound.
12:47 of 2nd period - Robert Thomas is hit by Oliver Ekman-Larsson and loses puck.
12:54 of 2nd period - Backhand shot by Evgenii Dadonov.
12:54 of 2nd period - Shot Misses the Net.
13:14 of 2nd period - Snap shot by Carter Verhaeghe.
13:14 of 2nd period - Stopped by Connor Hellebuyck with a rebound.
13:16 of 2nd period - Wrist shot by Matt Boldy.
13:16 of 2nd period - Shot Blocked by Alex Tuch.
13:18 of 2nd period - Backhand shot by Ben Chiarot.
13:18 of 2nd period - Shot Misses the Net.
13:55 of 2nd period - Snap shot by Jack Eichel.
13:55 of 2nd period - Stopped by Thomas Greiss without a rebound.
13:56 of 2nd period - Matt Boldy wins face-off versus Jack Eichel in Philadelphia Flyers zone.
14:41 of 2nd period - Snap shot by Evander Kane.
14:41 of 2nd period - Stopped by Thomas Greiss with a rebound.
15:18 of 2nd period - Snap shot by Morgan Rielly.
15:18 of 2nd period - Deflect By Matt Roy.
15:18 of 2nd period - Stopped by Thomas Greiss with a rebound.
15:30 of 2nd period - Snap shot by Jack Eichel.
15:30 of 2nd period - Goal by Jack Eichel - Philadelphia Flyers : 2 - St.Louis Blues : 2.
15:31 of 2nd period - Elias Pettersson wins face-off versus Tyler Bertuzzi in neutral zone.
16:03 of 2nd period - Colton Parayko is hit by Ben Chiarot and loses puck.
16:20 of 2nd period - Backhand shot by Frederick Gaudreau.
16:20 of 2nd period - Shot Misses the Net.
16:38 of 2nd period - Tyler Bertuzzi is hit by Jake Guentzel and loses puck.
16:51 of 2nd period - Artem Zub is hit by Morgan Rielly.
16:59 of 2nd period - Snap shot by Tage Thompson.
16:59 of 2nd period - Shot Misses the Net.
17:11 of 2nd period - Artem Zub is hit by Yanni Gourde and loses puck.
18:10 of 2nd period - Robert Thomas is hit by Matt Boldy and loses puck.
18:52 of 2nd period - Snap shot by Yanni Gourde.
18:52 of 2nd period - Shot Misses the Net.
18:54 of 2nd period - Snap shot by Yanni Gourde.
18:54 of 2nd period - Stopped by Thomas Greiss with a rebound.
19:34 of 2nd period - Wrist shot by Tomas Tatar.
19:34 of 2nd period - Stopped by Connor Hellebuyck without a rebound.
19:35 of 2nd period - Jack Eichel wins face-off versus T.J. Tynan in St.Louis Blues zone.
19:58 of 2nd period - Wrist shot by Jack Eichel.
19:58 of 2nd period - Stopped by Thomas Greiss with a rebound.
Goals for this period are 1 for Philadelphia Flyers vs 1 for St.Louis Blues.
Shots for this period are 15 for Philadelphia Flyers vs 19 for St.Louis Blues.
3rd period
0:01 of 3rd period - Elias Pettersson wins face-off versus Matt Boldy in neutral zone.
0:03 of 3rd period - Minor Penalty to Jake Guentzel for Hooking.
0:04 of 3rd period - Matt Boldy wins face-off versus Andrew Copp in St.Louis Blues zone.
0:06 of 3rd period - Wrist shot by Carter Verhaeghe.
0:06 of 3rd period - Stopped by Connor Hellebuyck without a rebound.
0:07 of 3rd period - Andrew Copp wins face-off versus Matt Boldy in St.Louis Blues zone.
0:37 of 3rd period - Snap shot by Matt Boldy.
0:37 of 3rd period - Stopped by Connor Hellebuyck without a rebound.
0:38 of 3rd period - Andrew Copp wins face-off versus Marcus Johansson in St.Louis Blues zone.
0:47 of 3rd period - Icing by Tyler Bertuzzi.
0:48 of 3rd period - Andrew Copp wins face-off versus Marcus Johansson in Philadelphia Flyers zone.
1:03 of 3rd period - Elias Pettersson is hit by Matt Boldy and loses puck.
1:39 of 3rd period - Tyler Bertuzzi is hit by Colton Parayko and loses puck.
2:03 of 3rd period - Penalty to Jake Guentzel is over, Jake Guentzel is back on ice.
2:11 of 3rd period - Wrist shot by Jake Guentzel.
2:11 of 3rd period - Stopped by Thomas Greiss with a rebound.
2:13 of 3rd period - Wrist shot by Alex DeBrincat.
2:13 of 3rd period - Shot Misses the Net.
2:15 of 3rd period - Slapshot by Jonas Brodin.
2:15 of 3rd period - Stopped by Thomas Greiss without a rebound.
2:16 of 3rd period - Frederick Gaudreau wins face-off versus T.J. Tynan in Philadelphia Flyers zone.
2:35 of 3rd period - Snap shot by Tyler Johnson.
2:35 of 3rd period - Goal by Tyler Johnson - Philadelphia Flyers : 3 - St.Louis Blues : 2.
2:36 of 3rd period - Elias Pettersson wins face-off versus Matt Boldy in neutral zone.
2:45 of 3rd period - Alex Pietrangelo is hit by Artem Zub and loses puck.
3:26 of 3rd period - Andrew Copp is hit by Tyler Johnson and loses puck.
3:56 of 3rd period - Snap shot by Alex DeBrincat.
3:56 of 3rd period - Deflect By Jake Guentzel.
3:56 of 3rd period - Stopped by Thomas Greiss with a rebound.
4:12 of 3rd period - Tyler Bertuzzi is hit by Sean Kuraly and loses puck.
4:48 of 3rd period - Snap shot by Jack Eichel.
4:48 of 3rd period - Shot Blocked by Oliver Ekman-Larsson.
5:08 of 3rd period - Snap shot by Evan Rodrigues.
5:08 of 3rd period - Shot Blocked by Colton Parayko.
6:24 of 3rd period - Icing by Ben Chiarot.
6:25 of 3rd period - Jack Eichel wins face-off versus Evan Rodrigues in Philadelphia Flyers zone.
6:40 of 3rd period - Wrist shot by Alex Tuch.
6:40 of 3rd period - Stopped by Thomas Greiss without a rebound.
6:41 of 3rd period - Elias Pettersson wins face-off versus Tyler Bertuzzi in Philadelphia Flyers zone.
6:48 of 3rd period - Snap shot by Tyler Bertuzzi.
6:48 of 3rd period - Shot Blocked by Jonas Brodin.
7:08 of 3rd period - Tage Thompson is hit by Tyler Johnson.
7:11 of 3rd period - Off-side.
7:12 of 3rd period - T.J. Tynan wins face-off versus Robert Thomas in neutral zone.
7:29 of 3rd period - Backhand shot by Alex Tuch.
7:29 of 3rd period - Stopped by Thomas Greiss with a rebound.
7:31 of 3rd period - Snap shot by Alex Tuch.
7:31 of 3rd period - Shot Blocked by Oliver Ekman-Larsson.
7:33 of 3rd period - Wrist shot by Alex Pietrangelo.
7:33 of 3rd period - Deflect By Tomas Tatar.
7:33 of 3rd period - Stopped by Thomas Greiss without a rebound.
7:34 of 3rd period - Elias Pettersson wins face-off versus Matt Boldy in Philadelphia Flyers zone.
7:35 of 3rd period - Slapshot by Alex DeBrincat.
7:35 of 3rd period - Stopped by Thomas Greiss with a rebound.
7:59 of 3rd period - Marcus Johansson is hit by Tage Thompson and loses puck.
8:25 of 3rd period - Alex Pietrangelo is hit by Oliver Ekman-Larsson and loses puck.
8:50 of 3rd period - Snap shot by Matt Boldy.
8:50 of 3rd period - Shot Blocked by Yanni Gourde.
8:52 of 3rd period - Slapshot by Matt Roy.
8:52 of 3rd period - Shot Blocked by Danny DeKeyser.
8:54 of 3rd period - Wrist shot by Oliver Ekman-Larsson.
8:54 of 3rd period - Stopped by Connor Hellebuyck with a rebound.
8:56 of 3rd period - Wrist shot by Alexander Barabanov.
8:56 of 3rd period - Shot Misses the Net.
9:18 of 3rd period - Minor Penalty to Danny DeKeyser for Tripping.
9:19 of 3rd period - Andrew Copp wins face-off versus Matt Boldy in St.Louis Blues zone.
9:37 of 3rd period - Elias Pettersson is hit by Oliver Ekman-Larsson and loses puck.
10:04 of 3rd period - Carter Verhaeghe is hit by Yanni Gourde and loses puck.
10:37 of 3rd period - Alexander Barabanov is hit by Yanni Gourde and loses puck.
11:18 of 3rd period - Penalty to Danny DeKeyser is over, Danny DeKeyser is back on ice.
11:23 of 3rd period - Icing by Adam Pelech.
11:24 of 3rd period - Evan Rodrigues wins face-off versus Alex DeBrincat in St.Louis Blues zone.
11:31 of 3rd period - Backhand shot by Alex DeBrincat.
11:31 of 3rd period - Stopped by Thomas Greiss without a rebound.
11:32 of 3rd period - Evan Rodrigues wins face-off versus Elias Pettersson in Philadelphia Flyers zone.
11:34 of 3rd period - Minor Penalty to Ben Chiarot for Interference.
11:35 of 3rd period - Robert Thomas wins face-off versus Riley Sheahan in Philadelphia Flyers zone.
11:45 of 3rd period - Snap shot by Jake Guentzel.
11:45 of 3rd period - Deflect By Elias Pettersson.
11:45 of 3rd period - Stopped by Thomas Greiss without a rebound.
11:46 of 3rd period - Robert Thomas wins face-off versus Riley Sheahan in Philadelphia Flyers zone.
12:34 of 3rd period - Alexander Edler is hit by Evander Kane and loses puck.
13:33 of 3rd period - Oliver Ekman-Larsson is hit by Evander Kane and loses puck.
13:34 of 3rd period - Penalty to Ben Chiarot is over, Ben Chiarot is back on ice.
13:46 of 3rd period - Snap shot by Tomas Tatar.
13:46 of 3rd period - Shot Blocked by Evander Kane.
13:48 of 3rd period - Snap shot by Tomas Tatar.
13:48 of 3rd period - Shot Misses the Net.
13:50 of 3rd period - Wrist shot by Tyler Johnson.
13:50 of 3rd period - Deflect By Tomas Tatar.
13:50 of 3rd period - Shot Blocked by Alex Pietrangelo.
13:50 of 3rd period - Puck is out of play.
13:51 of 3rd period - Frederick Gaudreau wins face-off versus T.J. Tynan in St.Louis Blues zone.
14:06 of 3rd period - Slapshot by Danny DeKeyser.
14:06 of 3rd period - Stopped by Thomas Greiss with a rebound.
14:18 of 3rd period - Jack Eichel is hit by Justin Faulk and loses puck.
14:35 of 3rd period - Snap shot by Marcus Johansson.
14:35 of 3rd period - Deflect By Evgenii Dadonov.
14:35 of 3rd period - Shot Misses the Net.
14:35 of 3rd period - Puck is out of play.
14:36 of 3rd period - Riley Sheahan wins face-off versus Alex Tuch in St.Louis Blues zone.
15:31 of 3rd period - Wrist shot by T.J. Tynan.
15:31 of 3rd period - Shot Misses the Net.
15:33 of 3rd period - Wrist shot by T.J. Tynan.
15:33 of 3rd period - Stopped by Connor Hellebuyck without a rebound.
15:34 of 3rd period - Elias Pettersson wins face-off versus Marcus Johansson in St.Louis Blues zone.
15:43 of 3rd period - Slapshot by Jake Guentzel.
15:43 of 3rd period - Shot Misses the Net.
15:45 of 3rd period - Wrist shot by Alex DeBrincat.
15:45 of 3rd period - Deflect By Jake Guentzel.
15:45 of 3rd period - Stopped by Thomas Greiss without a rebound.
15:46 of 3rd period - Elias Pettersson wins face-off versus Riley Sheahan in Philadelphia Flyers zone.
16:13 of 3rd period - Andrew Copp is hit by Matt Boldy and loses puck.
17:42 of 3rd period - Marcus Johansson is hit by Alex Tuch.
17:46 of 3rd period - Ben Chiarot is hit by Colton Parayko and loses puck.
17:57 of 3rd period - Snap shot by Tomas Tatar.
17:57 of 3rd period - Shot Misses the Net.
18:01 of 3rd period - Snap shot by Tyler Johnson.
18:01 of 3rd period - Stopped by Connor Hellebuyck with a rebound.
18:03 of 3rd period - Snap shot by Tyler Johnson.
18:03 of 3rd period - Deflect By T.J. Tynan.
18:03 of 3rd period - Shot Misses the Net.
18:03 of 3rd period - Puck is out of play.
18:04 of 3rd period - Jack Eichel wins face-off versus T.J. Tynan in St.Louis Blues zone.
18:11 of 3rd period - T.J. Tynan is hit by Morgan Rielly and loses puck.
18:43 of 3rd period - Wrist shot by Elias Pettersson.
18:43 of 3rd period - Stopped by Thomas Greiss without a rebound.
18:44 of 3rd period - Elias Pettersson wins face-off versus Matt Boldy in Philadelphia Flyers zone.
19:16 of 3rd period - St.Louis Blues, Connor Hellebuyck is pulled from the net.
19:24 of 3rd period - Snap shot by Jake Guentzel.
19:24 of 3rd period - Deflect By Elias Pettersson.
19:24 of 3rd period - Shot Blocked by Matt Roy.
19:24 of 3rd period - Puck is out of play.
19:25 of 3rd period - Mike Sullivan call a timeout for St.Louis Blues.
19:25 of 3rd period - Carter Verhaeghe wins face-off versus Robert Thomas in Philadelphia Flyers zone.
19:46 of 3rd period - Snap shot by Jake Guentzel.
19:46 of 3rd period - Stopped by Thomas Greiss without a rebound.
19:47 of 3rd period - Carter Verhaeghe wins face-off versus Robert Thomas in Philadelphia Flyers zone.
19:51 of 3rd period - Icing by Carter Verhaeghe.
19:52 of 3rd period - Carter Verhaeghe wins face-off versus Robert Thomas in Philadelphia Flyers zone.
Goals for this period are 1 for Philadelphia Flyers vs 0 for St.Louis Blues.
Shots for this period are 6 for Philadelphia Flyers vs 13 for St.Louis Blues.
Back to the Top